 Dungeon Crawl Stone Soup version 0.30-a0-263-ge22c4ad894 (webtiles) character file.

Game seed: 10188190349596122565

31 brknglss the Firebug (level 3, 0/27 HPs)
             Began as a Draconian Fire Elementalist on Oct 13, 2022.
             Slain by a jackal (1 damage)
             ... on level 1 of the Dungeon.
             The game lasted 00:02:42 (1068 turns).

brknglss the Firebug (Draconian Fire Elementalist)  Turns: 1068, Time: 00:02:43

Health: 0/27       AC:  6    Str: 10    XL:     3   Next: 7%
Magic:  1/6        EV: 12    Int: 17    God:
Gold:   50         SH:  0    Dex: 11    Spells: 3/6 levels left

rFire   . . .      SeeInvis .    d - +0 dagger
rCold   . . .      Faith    .    (no shield)
rNeg    + . .      Spirit   .    (body armour unavailable)
rPois   .          Reflect  .    (helmet restricted)
rElec   .          Harm     .    g - +0 cloak
rCorr   .          Rampage  .    (no gloves)
Will    .....                    (no boots)
Stlth   ++........               (no amulet)
HPRegen 0.24/turn                j - ring of positive energy
MPRegen 0.10/turn                (no ring)

@: no status effects
A: AC +5, unfitting armour, cold-blooded
a: no special abilities


You were on level 1 of the Dungeon.
You visited 1 branch of the dungeon, and saw 2 of its levels.

You collected 50 gold pieces.

Inventory:

Hand Weapons
 d - a +0 dagger (weapon)
Missiles
 c - 3 poisoned darts
 e - 4 atropa-tipped darts
Armour
 g - a +0 cloak (worn)
 i - an orb of energy
Jewellery
 j - a ring of positive energy (left hand)
Scrolls
 b - a scroll of noise {unknown}
 f - a scroll of vulnerability {unknown}
 h - a scroll of magic mapping {unknown}
Potions
 a - a potion of magic


   Skills:
 + Level 0.9 Fighting
 + Level 2.0 Dodging
 - Level 1.7 Stealth
 + Level 2.2 Spellcasting
 + Level 1.4 Conjurations
 * Level 3.5 Fire Magic


You had 3 spell levels left.
You knew the following spells:

 Your Spells              Type           Power      Damage    Failure   Level
a - Foxfire               Conj/Fire      40%        2x1d6     7%          1
b - Scorch                Fire           26%        2d6       7%          2

Your spell library contained the following spells:

 Spells                   Type           Power      Damage    Failure   Level
 Cigotuvi's Dreadful Rot  Necr/Pois/Air  2%         N/A       28%         2
 Inner Flame              Hex/Fire       7%         N/A       28%         3
 Kindle Blastsparks       Fire/Tloc/Air  10%        2d10      34%         3
 Flame Wave               Conj/Fire      10%        2d6       56%         4
 Dispel Undead            Necr           1%         3d6       88%         4
 Death Channel            Necr           0%         N/A       100%        6


Dungeon Overview and Level Annotations

Branches:
Dungeon (2/15)

Altars:

Annotations:
D:2 Natasha


Innate Abilities, Weirdness & Mutations

Your plain brown scales are hard. (AC +5)
You cannot fit into any form of body armour.
You are cold-blooded and may be slowed by cold attacks.


Message History

The jackal closely misses you.
You hit the adder. You tail-slap the adder.
You kill the adder!
You feel sick.
The jackal bites you but does no damage. x2
The jackal closely misses you.
You have reached level 3!
Your experience leads to an increase in your attributes!
Increase (S)trength, (I)ntelligence, or (D)exterity?
You feel clever. x2; Your scales feel tougher.
You hit the jackal but do no damage.
You feel sick. The jackal barely misses you. x3
The jackal bites you but does no damage.
You hit the jackal.
The jackal is moderately wounded.
You feel sick.
You are no longer poisoned.
The jackal closely misses you.
The jackal bites you but does no damage.
The jackal closely misses you.
The jackal bites you but does no damage.
The jackal closely misses you. The jackal barely misses you.
The jackal bites you.
* * * LOW HITPOINT WARNING * * *
The jackal bites you.
* * * LOW HITPOINT WARNING * * *
Casting: Scorch (safe; 7% risk of failure)
Confirm with . or Enter, or press ? or * to list all spells.
You don't have enough magic to cast this spell.
You closely miss the jackal.
The jackal is moderately wounded.
The jackal closely misses you. x2
The jackal bites you but does no damage.
The jackal barely misses you.
You closely miss the jackal.
The jackal is lightly wounded.
The jackal closely misses you.
The jackal bites you but does no damage.
The jackal completely misses you. The jackal bites you.
You die...

+...'...#
######
#.######
#...#####
#....#
#......#
#...# #....#
######.#
#...# #....#
#.# #...#
#....## #.#
#####
#.....## #.#
###....# #.#
#..hh# #.#
#..h@# #.#
####h# #.#
#.# #.#
#.########.#
#..........#
############


You could see 4 jackals.

Vanquished Creatures
  An adder (D:1)
  3 dart slugs (D:1)
  A giant cockroach (D:1)
  A goblin (D:1)
  A hobgoblin (D:1)
  2 kobolds (D:1)
  3 ball pythons (D:1)
  2 bats (D:1)
  A frilled lizard (D:1)
  3 rats (D:1)
18 creatures vanquished.

Vanquished Creatures (others)
  40 foxfires (D:1)
40 creatures vanquished.

Grand Total: 58 creatures vanquished

Notes
Turn   | Place    | Note
-------+----------+-------------------------------------------
     0 | D:1      | brknglss the Draconian Fire Elementalist began the quest
                  | for the Orb.
     0 | D:1      | Reached XP level 1. HP: 14/14 MP: 3/3
   274 | D:1      | Reached XP level 2. HP: 22/22 MP: 5/5
  1052 | D:2      | Noticed Natasha
  1057 | D:1      | Learned a level 2 spell: Scorch
  1065 | D:1      | Reached XP level 3. HP: 6/27 MP: 1/6
  1066 | D:1      | HP: 1/27 [jackal (1)]
  1068 | D:1      | Slain by a jackal

Illustrated notes

Levels and vault maps discovered:
D:1:      dpeg_arrival_long_road, layout_basic
D:2:      minmay_alternating_diamond, layout_loops_ring, uniq_natasha

Skill      XL: |  1  2 |
---------------+-------+-----
Dodging        | 2 |  2.0
Fighting       | |  0.9
Stealth        | |  1.7
Spellcasting   | |  2.2
Conjurations   | |  1.4
Fire Magic     | |  3.5

Action                   || total
-------------------------++-------
Melee: Dagger            ||    27
       Unarmed           ||     2
       Tailslap          ||     4
 Cast: Foxfire           ||    25
       Scorch            ||     2
 Stab: Sleeping          ||     1
Armor: Skin              ||    22
Dodge: Dodged            ||    49

Table legend: (Time is in decaauts)
 A = Elapsed time spent in this place.
 B = Non-inter-level travel time spent in this place.
 C = Inter-level travel time spent in this place.
 D = Time resting spent in this place.
 E = Time spent auto-exploring this place.
 F = Levels seen in this place.
 G = Mean time per level.
                   A        B        C        D        E       F      G
               +--------+--------+--------+--------+--------+-----+--------+
         Total |   1068 |   1064 |      4 |    103 |    750 |   2 |  534.0 |
       Dungeon |   1068 |   1064 |      4 |    103 |    750 |   2 |  534.0 |
               +--------+--------+--------+--------+--------+-----+--------+

Top non-repeatable levels by time:
     D:1: 1064 daAuts
     D:2: 4 daAuts
